 Dungeon Crawl Stone Soup version 0.28-a0-1489-ga6001f9 (webtiles) character file.

Game seed: 2680160102395155543

15519 Illumine the Impaler (level 12, 0/90 HPs)
             Began as a Merfolk Gladiator on Jan 12, 2022.
             Was a Believer of Hepliaklqana.
             Slain by a tyrant leech (20 damage)
             ... on level 2 of the Lair of Beasts.
             The game lasted 00:20:43 (12504 turns).

Illumine the Impaler (Merfolk Gladiator)           Turns: 12504, Time: 00:20:43

Health: 0/90       AC: 10    Str: 20    XL:     12   Next: 27%
Magic:  0/18       EV: 19    Int:  7    God:    Hepliaklqana [**....]
Gold:   717        SH:  0    Dex: 15    Spells: 19/19 levels left

rFire   . . .      SeeInvis .   J - +3 halberd
rCold   . . .      Faith    .   (shield currently unavailable)
rNeg    . . .      Spirit   +   B - +0 steam dragon scales
rPois   +          Reflect  .   C - +2 hat
rElec   .          Harm     .   z - +0 cloak
rCorr   .          Rampage  .   i - +0 pair of gloves
Will    .....                   D - +0 pair of boots {Stlth+}
Stlth   ++........              m - amulet of guardian spirit
HPRegen 0.25/turn               n - ring of poison resistance
MPRegen 0.16/turn               (no ring)

@: no status effects
A: reduced essence, (nimble swimmer 2), mertail
a: Renounce Religion, Recall Ancestor, Ancestor Identity


You were on level 2 of the Lair of Beasts.
You worshipped Hepliaklqana.
Hepliaklqana was pleased with you.
You visited 4 branches of the dungeon, and saw 14 of its levels.

You collected 717 gold pieces.

Inventory:

Hand Weapons
 g - a +0 trident
 J - a +3 halberd (weapon)
Missiles
 d - 3 throwing nets (quivered)
 l - 102 poisoned darts
Armour
 i - a +0 pair of gloves (worn)
 z - a +0 cloak (worn)
 B - +0 steam dragon scales (worn)
 C - a +2 hat (worn)
 D - a +0 pair of boots of stealth (worn)
 L - a +0 buckler
Jewellery
 f - an amulet of the acrobat
 m - an amulet of guardian spirit (around neck)
 n - a ring of poison resistance (left hand)
 G - an amulet of regeneration
Wands
 y - a wand of iceblast (1)
 E - a wand of flame (10)
 F - a wand of acid (3)
 H - a wand of mindburst (7)
 I - a wand of polymorph (2)
Scrolls
 b - 2 scrolls of magic mapping
 c - a scroll of brand weapon {unknown}
 j - 3 scrolls of noise {unknown}
 k - 3 scrolls of teleportation {unknown}
 q - a scroll of amnesia {unknown}
 s - a scroll of fear {unknown}
 u - 2 scrolls of enchant armour {unknown}
 v - 3 scrolls of enchant weapon {unknown}
 w - a scroll of vulnerability {unknown}
 A - a scroll of fog {unknown}
Potions
 a - 3 potions of heal wounds
 e - 2 potions of attraction
 h - a potion of brilliance
 o - a potion of flight {unknown}
 p - 5 potions of curing
 r - 2 potions of cancellation
 t - a potion of magic {unknown}
 x - 2 potions of lignification
 K - 2 potions of mutation {unknown}
 M - a potion of haste {unknown}


   Skills:
 + Level 11.0 Fighting
 + Level 15.2 Polearms
 - Level 4.0 Throwing
 + Level 13.3 Dodging
 + Level 4.2 Spellcasting
 + Level 5.3 Invocations
 + Level 5.0 Evocations


You had 19 spell levels left.
You didn't know any spells.
Your spell library contained the following spells:

 Spells                   Type           Power      Damage    Failure   Level
 Apportation              Tloc           2%         N/A       30%         1
 Magic Dart               Conj           4%         1d3       30%         1
 Sandblast                Erth           2%         2d4       30%         1
 Call Imp                 Summ           1%         N/A       43%         2
 Passwall                 Tmut/Erth      0%         N/A       43%         2
 Mephitic Cloud           Conj/Pois/Air  1%         N/A       67%         3
 Ozocubu's Armour         Ice            1%         N/A       67%         3
 Stone Arrow              Conj/Erth      2%         3d7       67%         3
 Animate Armour           Summ/Erth      2%         N/A       97%         4
 Alistair's Intoxication  Tmut/Pois      0%         N/A       100%        5
 Metabolic Englaciation   Hex/Ice        0%         N/A       100%        5
 Simulacrum               Ice/Necr       0%         N/A       100%        6
 Lehudib's Crystal Spear  Conj/Erth      0%         10d2      100%        8


Dungeon Overview and Level Annotations

Branches:
Dungeon (10/15)            Temple (1/1) D:4            Lair (2/6) D:10
  Swamp (0/4) Lair:2       Spider (0/4) Lair:2          Orc (1/2) D:9

Altars:
Cheibriados
Fedhas
Gozag
Hepliaklqana
Makhleb
Nemelex Xobeh
Okawaru
Qazlal
Trog
Uskayaw
Wu Jian
Xom
Yredelemnul
Zin
The Shining One

Shops:
D:4 =

Annotations:
D:5 2 transporters, Caerwyn's ghost, novice DsIE
D:8 1 transporter, porkupine's ghost, novice DrCj
D:9 2 transporters, Caerwyn's ghost, novice BaIE


Innate Abilities, Weirdness & Mutations

Your life essence is reduced to manifest your ancestor. (-10% HP)
((You are very nimble when in or above water. (Stealth+, EV+, Speed+++)))
Your lower body shifts to a powerful aquatic tail in water.


Message History

The harpoon shot misses you. The swamp worm misses you. The yak gores you!
You slice the swamp worm!!
The swamp worm is severely wounded.
You barely miss the swamp worm.
The swamp worm is heavily wounded.
The swamp worm misses you.
You slash the swamp worm!
The swamp worm is severely wounded.
The swamp worm bites you!
The swamp worm fires a harpoon shot at you.
The harpoon shot misses you.
The swamp worm fires a harpoon shot at you.
The harpoon shot hits you but does no damage.
You puncture the yak!
The yak is moderately wounded.
The yak closely misses you.
You impale the yak!!
The yak is almost dead.
The yak misses you.
You hit the swamp worm.
The swamp worm is severely wounded.
The swamp worm bites you.
You hit the yak.
The yak is almost dead.
The yak closely misses you.
You hit the yak but do no damage.
The yak is almost dead.
The yak gores you.
You hit the yak.
You kill the yak!
The swamp worm bites you!
Your Fighting skill increases to level 11!
Your Evocations skill increases to level 5!
Unknown command.
You closely miss the swamp worm.
The swamp worm is severely wounded.
The swamp worm bites you! x2
* * * LOW HITPOINT WARNING * * *
The tyrant leech bites you!!
You die...

#.#^###....##
##.....###.# #.
#.#.##....# ##....# ###
###.#.#...## #.#w.#
R#.#......## ##...##
#.#........# ##†..#
##.#.......# ##..###
####.#.....# ####....P#
#†##.....####P#.....## #
#.###.........@wY........
# ##
#.........ww...#.....
..........######......
.......... ......
.......... ..#... P.#....
.. . ##... ##..


You could see a tyrant leech, a yak and 2 swamp worms.

Vanquished Creatures
  Harold (D:10)
  A hydra (Lair:2)
  A death knight (D:10)
  2 black mambas (Lair:1)
  Joseph (D:10)
  3 cane toads
  A komodo dragon (Lair:1)
  A tengu conjurer (D:10)
  2 blink frogs (Lair:1)
  2 jumping spiders (Lair:2)
  Sigmund (D:3)
  A wyvern (D:8)
  2 basilisks (Lair:1)
  2 redbacks (Lair:2)
  13 yaks
  2 steam dragons (D:6)
  An acid dragon (D:9)
  7 water moccasins
  An orc warrior (D:7)
  2 sky beasts
  A necrophage (D:6)
  2 ogres (D:4)
  3 centaurs
  3 kobold brigands
  5 bullfrogs
  4 scorpions
  A gnoll sergeant (D:6)
  A water moccasin zombie (D:6)
  11 wights
  5 howler monkeys
  3 centaur zombies
  A bullfrog zombie (D:6)
  8 hounds
  An orc priest (D:8)
  4 jellies
  A gnoll shaman (D:9)
  4 iguanas
  An orc wizard (D:8)
  A scorpion zombie (D:5)
  A howler monkey zombie (D:8)
  A howler monkey skeleton (D:5)
  11 gnolls
  8 adders
  A white imp (D:5)
  2 ufetubi
  2 adder skeletons (D:4)
  A worm (D:2)
  3 dart slugs
  6 orcs
  3 bats
  6 endoplasms
  3 giant cockroaches
  8 goblins
  6 hobgoblins
  3 quokkas
  2 ball pythons (D:1)
  4 frilled lizards
  24 kobolds
  4 rats
206 creatures vanquished.

Vanquished Creatures (collateral kills)
  A hydra (Lair:1)
  A cyclops (D:10)
  A rime drake (Lair:1)
  2 blink frogs (Lair:1)
  3 yaks (D:10)
  A hog (shapeshifter) (D:9)
  2 redbacks (Lair:2)
  3 water moccasins
  An orc warrior (D:9)
  A kobold brigand (D:9)
  2 bullfrogs
  2 wights (D:9)
  2 howler monkeys (D:10)
  A gnoll (D:6)
  5 orcs
  3 kobolds
31 creatures vanquished.

Vanquished Creatures (others)
  5 knights
  3 ancestors
  17 fungi
  3 plants
28 creatures vanquished.

Grand Total: 265 creatures vanquished

Notes
Turn   | Place    | Note
-------+----------+-------------------------------------------
     0 | D:1      | Illumine the Merfolk Gladiator began the quest for the Orb.
     0 | D:1      | Reached XP level 1. HP: 16/16 MP: 1/1
   225 | D:1      | Reached skill level 5 in Polearms
   246 | D:1      | Reached XP level 2. HP: 22/22 MP: 2/2
   438 | D:1      | Found a faded altar of an unknown god.
   587 | D:1      | You fall into a shaft and drop 1 floor!
   815 | D:2      | Reached skill level 6 in Polearms
   815 | D:2      | Reached XP level 3. HP: 11/27 MP: 3/3
  1476 | D:3      | Noticed Sigmund
  1587 | D:3      | Reached XP level 4. HP: 33/33 MP: 4/4
  1598 | D:3      | Reached skill level 7 in Polearms
  1699 | D:4      | Reached XP level 5. HP: 39/39 MP: 5/5
  1909 | D:4      | Found a glowing golden altar of the Shining One.
  2024 | D:4      | Found Kiydaerch's Jewellery Shop.
  2049 | D:4      | Reached skill level 5 in Dodging
  2049 | D:4      | Reached XP level 6. HP: 41/47 MP: 6/6
  2149 | D:4      | Found a staircase to the Ecumenical Temple.
  2156 | Temple   | Entered the Ecumenical Temple
  2190 | Temple   | Became a worshipper of Hepliaklqana the Forgotten
  2549 | D:4      | Reached skill level 8 in Polearms
  2786 | D:5      | Entered Level 5 of the Dungeon
  2788 | D:5      | Noticed a small abomination
  2790 | D:5      | Noticed a sky beast
  2808 | D:5      | Found a transporter.
  2858 | D:3      | Killed Sigmund
  2859 | D:3      | Reached XP level 7. HP: 55/55 MP: 7/7
  3209 | D:5      | Found an iron altar of Okawaru.
  3394 | D:5      | Reached skill level 9 in Polearms
  3429 | D:5      | Reached skill level 5 in Fighting
  3494 | D:5      | Found a transporter.
  3520 | D:4      | HP: 1/56 [acid (7)]
  3522 | D:4      | Reached XP level 8. HP: 1/63 MP: 8/8
  4110 | D:5      | Found a sparkling altar of Nemelex Xobeh.
  4302 | D:5      | Reached skill level 10 in Polearms
  4474 | D:5      | Noticed Caerwyn's ghost (novice DsIE)
  4858 | D:6      | Noticed a yak
  4858 | D:6      | Noticed a yak
  4858 | D:6      | Noticed a yak
  4858 | D:6      | Noticed a yak
  4858 | D:6      | Noticed a yak
  5339 | D:6      | Killed a yak
  5362 | D:5      | Killed a yak
  5363 | D:5      | Reached skill level 11 in Polearms
  5363 | D:5      | Reached XP level 9. HP: 34/71 MP: 9/9
  6223 | D:6      | Reached * piety under Hepliaklqana
  6265 | D:6      | Reached skill level 12 in Polearms
  6265 | D:6      | Reached skill level 10 in Dodging
  7041 | D:7      | Reached XP level 10. HP: 56/73 MP: 10/10
  7421 | D:7      | Reached skill level 13 in Polearms
  7750 | D:8      | Found a transporter.
  7952 | D:8      | Noticed porkupine's ghost (novice DrCj)
  8633 | D:9      | Found a staircase to the Orcish Mines.
  8739 | D:9      | Reached skill level 1 in Invocations
  8785 | D:9      | Reached skill level 1 in Evocations
  8806 | D:9      | Reached ** piety under Hepliaklqana
  8813 | D:9      | Noticed Caerwyn's ghost (novice BaIE)
  8814 | D:9      | Found a transporter.
  8817 | D:9      | Found a transporter.
  8863 | D:9      | Found a stormy altar of Qazlal.
  9058 | D:10     | Entered Level 10 of the Dungeon
  9091 | D:10     | Reached skill level 1 in Spellcasting
  9225 | D:10     | Noticed Harold
  9237 | D:10     | Remembered your ancestor Zarja as a knight
  9241 | D:10     | Killed Harold
  9242 | D:10     | Reached skill level 14 in Polearms
  9242 | D:10     | Reached XP level 11. HP: 54/81 MP: 11/13
  9246 | D:10     | Noticed a cyclops
  9246 | D:10     | Noticed Joseph
  9559 | D:10     | Reached skill level 10 in Fighting
  9738 | Orc:1    | Entered Level 1 of the Orcish Mines
  9859 | D:10     | Noticed a death knight
 10151 | D:10     | Killed a cyclops
 10214 | D:10     | Killed a death knight
 10333 | D:10     | Found a staircase to the Lair.
 10349 | D:10     | Killed Joseph
 10359 | Lair:1   | Entered Level 1 of the Lair of Beasts
 11065 | Lair:1   | Noticed a five-headed hydra
 11078 | Lair:1   | Killed a five-headed hydra
 11468 | Lair:1   | Upgraded the game from 0.28-a0-1487-g0a3215c to
                  | 0.28-a0-1489-ga6001f9
 11506 | Lair:1   | Reached XP level 12. HP: 78/89 MP: 17/17
 11794 | Lair:1   | Reached skill level 15 in Polearms
 11848 | Lair:1   | Noticed a seven-headed hydra
 11848 | Lair:1   | Noticed a four-headed hydra
 11866 | Lair:2   | HP: 2/89 [seven-headed hydra (11)]
 11867 | Lair:2   | Killed a seven-headed hydra
 12248 | Lair:2   | Reached skill level 5 in Invocations
 12363 | Lair:2   | Found a hole to the Spider Nest.
 12459 | Lair:2   | Found a staircase to the Swamp.
 12504 | Lair:2   | Reached skill level 5 in Evocations
 12504 | Lair:2   | Slain by a tyrant leech

Illustrated notes

Levels and vault maps discovered:
D:1:      wander_arrival_chamber, layout_basic,
          shapermc_ecumenical_altar_mp_ritualfount, minmay_statues_item,
          minmay_misc_feat_encased
D:2:      layout_basic
D:3:      layout_rooms, kennysheep_generic_room_10, uniq_sigmund
D:4:      layout_loops_ring, mainiacjoe_overflow_alcove_4,
          minmay_temple_entry_gardened_gates, serial_shops, shop,
          dk_noncrumbling_3, minmay_checkerbox
D:5:      layout_rooms, mainiacjoe_overflow_six_doors_small,
          mainiacjoe_overflow_paths, gammafunk_ghost_abyssal_escape,
          minmay_misc_feat_enclosed, hangedman_abyss_or_decor_stabs
D:6:      kennysheep_steamy, layout_rooms, chequers_decorated_corner,
          hangedman_decor_growths
D:7:      layout_rooms, minmay_starry_boxes
D:8:      layout_loops_ring, gammafunk_ghost_smash
D:9:      layout_basic, kennysheep_little_box, orc_0_dummy,
          gammafunk_ghost_arena, hangedman_decor_push
D:10:     minmay_curly_fans, layout_basic, lair_entry_dummy, enter_bailey_4,
          enter_trove_3, uniq_joseph, uniq_harold
Temple:   mainiacjoe_temple_coin_purse
Lair:1:   beast_lair_carwin_large_2, layout_cave_pods, st_stairs_5
Lair:2:   layout_layer_cave, minmay_swamp_entry_worms,
          nicolae_spider_entry_tight_spaces, serial_bayou_ford_a, st_stairs_3,
          minmay_lindwurm_lava
Orc:1:    layout_diamond_mine, serial_shops, nicolae_square_shop,
          nicolae_shop_behind_doors, minmay_shop_enchanted_jewellery,
          nicolae_shop_self_help, uniq_nergalle

Skill      XL: |  1  2  3  4  5  6  7  8  9 10 11 12 |
---------------+-------------------------------------+-----
Polearms       | 5 6 7 8 9 11 12 14 15 | 15.2
Fighting       | 3 4 5 6 8 9 10 11 | 11.0
Dodging        | 5 6 7 8 10 12 13 | 13.3
Invocations    | 2 4 5 |  5.3
Evocations     | 2 4 5 |  5.0
Spellcasting   | 1 3 4 |  4.2
Throwing       | 3 4 |  4.0

Action                   |  1- 3 |  4- 6 |  7- 9 | 10-12 || total
-------------------------+-------+-------+-------+-------++-------
Melee: Trident           |   106 |    58 |       |     5 ||   169
       Punch             |     4 |     1 |       |       ||     5
       Halberd           |       |    55 |   303 |   344 ||   702
       Tailslap          |       |       |       |     2 ||     2
Throw: Throwing net      |       |     2 |       |       ||     2
Invok: Ancestor Life: Kn |       |       |       |     1 ||     1
       Recall Ancestor   |       |       |       |     3 ||     3
Evoke: Wand              |       |       |       |     3 ||     3
  Use: Scroll            |       |       |     3 |     7 ||    10
 Stab: Sleeping          |     2 |       |     2 |     3 ||     7
       Held in net/web   |       |     2 |       |       ||     2
       Distracted        |       |       |     1 |     1 ||     2
Armor: Leather armour    |    23 |    20 |    46 |       ||    89
       Steam dragon scal |       |       |    10 |    48 ||    58
Dodge: Dodged            |    50 |    81 |   235 |   238 ||   604

Table legend: (Time is in decaauts)
 A = Elapsed time spent in this place.
 B = Non-inter-level travel time spent in this place.
 C = Inter-level travel time spent in this place.
 D = Time resting spent in this place.
 E = Time spent auto-exploring this place.
 F = Levels seen in this place.
 G = Mean time per level.
                   A        B        C        D        E       F      G
               +--------+--------+--------+--------+--------+-----+--------+
         Total |  12427 |  11798 |    629 |   4202 |   5233 |  14 |  887.6 |
       Dungeon |  10266 |   9645 |    621 |   3064 |   4613 |  10 | 1026.6 |
        Temple |     46 |     38 |      8 |      0 |     22 |   1 |   46.0 |
          Lair |   2113 |   2113 |      0 |   1138 |    598 |   2 | 1056.5 |
  Orcish Mines |      1 |      1 |      0 |      0 |      0 |   1 |    1.0 |
               +--------+--------+--------+--------+--------+-----+--------+

Top non-repeatable levels by time:
     D:5: 1828 daAuts
     D:4: 1767 daAuts
     D:9: 1633 daAuts
  Lair:1: 1485 daAuts
     D:6: 1191 daAuts
     D:2: 928 daAuts
     D:8: 886 daAuts
     D:7: 673 daAuts
  Lair:2: 628 daAuts
     D:1: 588 daAuts
     D:3: 440 daAuts
    D:10: 327 daAuts
  Temple: 46 daAuts
   Orc:1: 1 daAuts
